 Dungeon Crawl Stone Soup version 0.28-a0-1080-g05a166d0ed (webtiles) character file.

Game seed: 3055293964781393039

704 tsouns the Cutter (level 7, -3/52 HPs)
             Began as a Demonspawn Brigand on Dec 9, 2021.
             Was an Initiate of Yredelemnul.
             Killed from afar by an acid dragon (19 damage)
             ... with a splash of acid
             ... on level 5 of the Dungeon.
             The game lasted 00:10:59 (5251 turns).

tsouns the Cutter (Demonspawn Brigand)              Turns: 5251, Time: 00:10:59

Health: -3/52      AC:  6    Str: 16 (17) XL:     7   Next: 39%
Magic:  8/8        EV: 11    Int: 13 (15) God:    Yredelemnul [......]
Gold:   173        SH:  3    Dex: 14 (16) Spells: 7/8 levels left

rFire   + . .      SeeInvis .   i - +2 dagger (drain)
rCold   + . .      Faith    .   l - +0 buckler
rNeg    + . .      Spirit   .   m - +2 robe {rF+}
rPois   .          Reflect  .   n - +0 helmet
rElec   .          Harm     .   c - +0 cloak
rCorr   .          Rampage  .   (no gloves)
Will    .....                   (no boots)
Stlth   +++.......              o - amulet of the acrobat
HPRegen 0.17/turn               g - ring of positive energy
MPRegen 0.11/turn               h - +6 ring of strength

@: no status effects
A: claws 1, foul stench 1, sturdy frame 2, agile 1, cold resistance 1,
MP-powered wands
a: Renounce Religion, Recall Undead Harvest


You were on level 5 of the Dungeon.
You worshipped Yredelemnul.
Yredelemnul was noncommittal.
You visited 2 branches of the dungeon, and saw 6 of its levels.

You collected 173 gold pieces.

Inventory:

Hand Weapons
 a - a +2 dagger
 i - a +2 dagger of draining (weapon)
Missiles
 d - 33 poisoned darts (quivered)
 e - a throwing net
 f - 2 curare-tipped darts
 j - 29 sling bullets
 r - 2 javelins
Armour
 c - a +0 cloak (worn)
 l - a +0 buckler (worn)
 m - a +2 robe of fire resistance (worn)
 n - a +0 helmet (worn)
Jewellery
 g - a ring of positive energy (left claw)
 h - a +6 ring of strength (right claw)
 o - an amulet of the acrobat (around neck)
Scrolls
 b - a scroll of amnesia {unknown}
 s - a scroll of fog
Potions
 k - 3 potions of haste
 q - a potion of attraction {unknown}
Miscellaneous
 p - a condenser vane


   Skills:
 + Level 3.6 Fighting
 * Level 5.6 Short Blades
 - Level 1.7 Throwing
 - Level 0.8 Dodging
 + Level 5.5 Stealth
 + Level 0.1 Shields
 + Level 1.0 Spellcasting
 + Level 1.2 Necromancy


You had 7 spell levels left.
You knew the following spells:

 Your Spells              Type           Power      Damage    Failure   Level
a - Animate Skeleton      Necr           6%         N/A       28%         1

Your spell library contained the following spells:

 Spells                   Type           Power      Damage    Failure   Level
 Pain                     Necr           12%        1d4       28%         1
 Sandblast                Erth           0%         2d4       41%         1
 Vampiric Draining        Necr           3%         2d6       63%         3


Dungeon Overview and Level Annotations

Branches:
Dungeon (5/15)             Temple (1/1) D:4

Altars:
Ashenzari
Dithmenos
Elyvilon
Fedhas
Gozag
Hepliaklqana
Kikubaaqudgha
Makhleb
Nemelex Xobeh
Okawaru
Qazlal
Ru
Sif Muna
Uskayaw
Vehumet
Wu Jian
Xom
Yredelemnul
Zin
The Shining One

Shops:
D:1 (   D:4 [


Innate Abilities, Weirdness & Mutations

You have sharp fingernails.
You may rarely emit foul miasma when damaged in melee.
Your movements are less encumbered by armour. (ER -4)
You are agile. (Dex +2)
Your flesh is cold resistant. (rC+)
You expend magic power (3 MP) to strengthen your wands.


Message History

The acid dragon bites you!
The acid dragon claws you but does no damage.
You hit the acid dragon but do no damage.
You drain the acid dragon.
The acid dragon is heavily wounded.
The acid dragon barely misses you. The acid dragon closely misses you.
You hit the acid dragon but do no damage.
You drain the acid dragon.
The acid dragon is heavily wounded.
You hit the acid dragon.
The acid dragon is severely wounded.
The acid dragon spits acid at you. The splash of acid hits you!!
Ouch! That really hurt!
Your iguana zombie barely misses the acid dragon.
You are too injured to fight recklessly!
You are too injured to fight recklessly!
You hit the acid dragon but do no damage.
The acid dragon is severely wounded.
The acid dragon closely misses you. The acid dragon barely misses you.
Your iguana zombie barely misses the acid dragon.
You barely miss the acid dragon.
The acid dragon is severely wounded.
You block the acid dragon's attack. The acid dragon barely misses you.
You hit the acid dragon but do no damage.
The acid dragon is severely wounded.
You block the acid dragon's attack. The acid dragon closely misses you.
Your iguana zombie barely misses the acid dragon.
You hit the acid dragon but do no damage.
You drain the acid dragon.
The acid dragon is severely wounded.
The acid dragon barely misses you.
The acid dragon claws you but does no damage.
Your iguana zombie closely misses the acid dragon.
You hit the acid dragon.
The acid dragon is almost dead.
The acid dragon spits acid at you. The splash of acid hits you!!
You die...
Your body rises from the dead as a mindless zombie.

##.......##
...........##
............#
#...........
#..........
..........
........D#
.......Z@#
........## ##
#.......## .#
##...##..##
.# ###
##..##.#
##..#.#
##..## ####
##..#
#...#####..#


You could see an acid dragon (catching breath, drained, ally target) and a
friendly iguana zombie.

Vanquished Creatures
  A necrophage (D:4)
  A water moccasin skeleton (D:4)
  A jelly (D:4)
  Jessica (D:2)
  An iguana (D:5)
  5 orc wizards
  Robin (D:3)
  12 adders
  4 gnolls (D:4)
  An adder skeleton (D:4)
  A dart slug (D:1)
  8 orcs
  5 ball pythons
  10 bats
  4 endoplasms
  A giant cockroach (D:4)
  10 goblins
  10 hobgoblins
  4 jackals (D:2)
  2 kobolds
  3 quokkas
  A frilled lizard (D:1)
  7 rats
94 creatures vanquished.

Vanquished Creatures (collateral kills)
  A necrophage (D:5)
  A hound (D:5)
  An orc (D:4)
  A hobgoblin (D:4)
4 creatures vanquished.

Grand Total: 98 creatures vanquished

Notes
Turn   | Place    | Note
-------+----------+-------------------------------------------
     0 | D:1      | tsouns the Demonspawn Brigand began the quest for the Orb.
     0 | D:1      | Reached XP level 1. HP: 16/16 MP: 1/1
     9 | D:1      | Noticed an electric eel
   153 | D:1      | Gained mutation: You may rarely emit foul miasma when
                  | damaged in melee. [demonic ancestry]
   153 | D:1      | Reached XP level 2. HP: 18/22 MP: 2/2
   646 | D:1      | Found Rimuises's Weapon Boutique.
  1267 | D:2      | Gained mutation: Your movements are slightly less
                  | encumbered by armour. (ER -2) [demonic ancestry]
  1267 | D:2      | Reached XP level 3. HP: 27/27 MP: 3/3
  1272 | D:2      | Noticed Jessica
  1274 | D:2      | Killed Jessica
  1366 | D:2      | Found a faded altar of an unknown god.
  1373 | D:2      | Got Plato's Papyrus of the Rocks
  1374 | D:2      | Prayed at the altar of an unknown god.
  1374 | D:2      | Became a worshipper of Xom of Chaos
  1442 | D:2      | XOM: silly message
  1485 | D:2      | XOM: potion effect (curing)
  1495 | D:2      | Gained mutation: You have sharp fingernails. [demonic
                  | ancestry]
  1495 | D:2      | Reached XP level 4. HP: 25/33 MP: 4/4
  1694 | D:2      | XOM: silly message
  1974 | D:3      | Noticed Robin
  2237 | D:3      | Killed Robin
  2313 | D:3      | XOM is BORED!
  2313 | D:3      | XOM: silly message
  2519 | D:3      | Reached skill level 5 in Stealth
  2519 | D:3      | Gained mutation: Your movements are less encumbered by
                  | armour. (ER -4) [demonic ancestry]
  2519 | D:3      | Reached XP level 5. HP: 19/39 MP: 5/5
  2725 | D:3      | XOM: potion effect (berserk rage)
  2919 | D:3      | Learned a level 1 spell: Animate Skeleton
  3377 | D:3      | Found a sparkling altar of Nemelex Xobeh.
  3687 | D:4      | Found Fyuquyp's Antique Armour Boutique.
  3690 | D:4      | Noticed a necrophage
  3837 | D:4      | XOM: god gift: hand crossbow {god gift}
  3970 | D:4      | Found a staircase to the Ecumenical Temple.
  3977 | D:4      | XOM: silly message
  3985 | D:4      | XOM: cleaving
  4003 | D:4      | Gained mutation: You expend magic power (3 MP) to
                  | strengthen your wands. [potion of mutation]
  4003 | D:4      | Gained mutation: You are agile. (Dex +2) [potion of
                  | mutation]
  4003 | D:4      | Gained mutation: Your flesh is cold resistant. (rC+)
                  | [potion of mutation]
  4008 | D:4      | HP: 1/40 [adder skeleton (4)]
  4010 | D:4      | Reached XP level 6. HP: 1/47 MP: 6/6
  4431 | D:4      | XOM: god gift: condenser vane
  4435 | D:4      | XOM: scenery: create altars
  4568 | D:4      | XOM: scenery: summon butterflies
  4780 | D:4      | Found a radiant altar of Vehumet.
  4784 | D:4      | Reached skill level 5 in Short Blades
  4790 | D:4      | Found an ancient bone altar of Kikubaaqudgha.
  4794 | D:4      | Reached skill level 1 in Necromancy
  4794 | D:4      | Reached XP level 7. HP: 52/52 MP: 6/8
  4800 | D:4      | Found a shimmering blue altar of Sif Muna.
  4827 | D:4      | XOM: god gift: chain mail {god gift}
  4970 | Temple   | Entered the Ecumenical Temple
  5032 | Temple   | Fell from the grace of Xom
  5032 | Temple   | Became a worshipper of Yredelemnul the Dark
  5054 | D:5      | Entered Level 5 of the Dungeon
  5169 | D:5      | Reached skill level 1 in Spellcasting
  5251 | D:5      | Killed from afar by an acid dragon

Illustrated notes

Levels and vault maps discovered:
D:1:      arrival_aquarium_a, layout_basic, serial_shops,
          nicolae_shop_statue_plus, minmay_pentomino_r2
D:2:      layout_loops_corners, shapermc_ecumenical_altar_rom_forum,
          uniq_jessica
D:3:      layout_basic, general_overflow_altar, uniq_robin
D:4:      layout_cave_pools, palyth_temple_overflow_mages,
          minmay_temple_entry_junction, serial_column_ruins,
          column_ruins_square_large, column_ruins_grid_1,
          column_ruins_columns_straight, column_ruins_grid_1,
          column_ruins_columns_dead_end, column_ruins_open_tiny,
          column_ruins_open_small, column_ruins_open_small,
          kennysheep_windowed_goal
D:5:      layout_cave_pods
Temple:   nicolae_temple_x_marks_the_god

Skill      XL: |  1  2  3  4  5  6  7 |
---------------+----------------------+-----
Stealth        | 4 5 |  5.5
Short Blades   | 2 3 4 5 |  5.6
Fighting       | 3 |  3.6
Necromancy     | 1 |  1.2
Spellcasting   | 1 |  1.0
Throwing       | |  1.7
Dodging        | |  0.8
Shields        | |  0.1

Action                   |  1- 3 |  4- 6 |  7- 9 || total
-------------------------+-------+-------+-------++-------
Melee: Dagger            |    79 |   229 |    36 ||   344
Throw: Javelin           |       |     2 |       ||     2
       Dart              |       |    10 |       ||    10
 Cast: Animate Skeleton  |       |     6 |     1 ||     7
  Use: Scroll            |       |     5 |       ||     5
       Potion            |       |     3 |       ||     3
 Stab: Sleeping          |     9 |    10 |       ||    19
       Distracted        |       |     1 |       ||     1
Armor: Robe              |    19 |    42 |     9 ||    70
Dodge: Dodged            |    33 |   116 |    12 ||   161
Block: Buckler           |       |       |     9 ||     9

Table legend: (Time is in decaauts)
 A = Elapsed time spent in this place.
 B = Non-inter-level travel time spent in this place.
 C = Inter-level travel time spent in this place.
 D = Time resting spent in this place.
 E = Time spent auto-exploring this place.
 F = Levels seen in this place.
 G = Mean time per level.
                   A        B        C        D        E       F      G
               +--------+--------+--------+--------+--------+-----+--------+
         Total |   5186 |   5105 |     81 |      0 |   4133 |   6 |  864.3 |
       Dungeon |   5120 |   5044 |     76 |      0 |   4133 |   5 | 1024.0 |
        Temple |     66 |     61 |      5 |      0 |      0 |   1 |   66.0 |
               +--------+--------+--------+--------+--------+-----+--------+

Top non-repeatable levels by time:
     D:4: 1380 daAuts
     D:2: 1343 daAuts
     D:3: 1321 daAuts
     D:1: 881 daAuts
     D:5: 192 daAuts
  Temple: 66 daAuts
